 Dungeon Crawl Stone Soup version 0.21-a0-531-gacddea6 (webtiles) character file.

139 slep the Chopper (level 5, 0/39 HPs)
             Began as a Demonspawn Gladiator on Dec 13, 2017.
             Killed from afar by a white imp (8 damage)
             ... with a puff of frost
             ... summoned by Natasha
             ... on level 2 of the Dungeon.
             The game lasted 00:04:26 (1422 turns).

slep the Chopper (Demonspawn Gladiator)             Turns: 1422, Time: 00:04:26

Health: 0/39       AC:  4    Str: 14    XL:     5   Next: 1%
Magic:  5/5        EV: 13    Int:  9    God:
Gold:   152        SH:  0    Dex: 16    Spells: 4/4 levels left

rFire    . . .     SeeInvis .   a - +0 war axe
rCold    . . .     Gourm    .   (no shield)
rNeg     . . .     Faith    .   b - +0 leather armour
rPois    .         Spirit   .   c - +0 helmet
rElec    .         Reflect  .   (no cloak)
rCorr    .         Harm     .   (no gloves)
MR       .....                  (no boots)
Stlth    +.........             (no amulet)
HPRegen  0.13/turn              (no ring)
MPRegen  0.09/turn              (no ring)

@: no status effects
A: talons 2, powered by pain 1
a: no special abilities


You were on level 2 of the Dungeon.
You were not hungry.

You visited 1 branch of the dungeon, and saw 2 of its levels.

You collected 152 gold pieces.

Inventory:

Hand Weapons
 a - a +0 war axe (weapon)
Missiles
 d - 3 throwing nets (quivered)
Armour
 b - a +0 leather armour (worn)
 c - a +0 helmet (worn)
Scrolls
 e - 2 scrolls of remove curse {unknown}
 g - a scroll of amnesia {unknown}
 l - 3 scrolls of teleportation {unknown}
Potions
 h - 2 potions of invisibility {unknown}
 i - 2 potions of curing {unknown}
 j - a potion of magic {unknown}
 k - a potion of flight {unknown}
 m - a potion of degeneration {unknown}
 n - a potion of agility {unknown}
 o - a potion of ambrosia {unknown}
Comestibles
 f - 2 bread rations


   Skills:
 + Level 2.7 Fighting
 + Level 3.8 Axes
 + Level 2.0 Throwing
 + Level 1.7 Armour
 + Level 3.3 Dodging
 + Level 0.3 Stealth


You had 4 spell levels left.
You didn't know any spells.

Dungeon Overview and Level Annotations

Branches:
Dungeon (2/15)

Altars:

Annotations:
D:2 Natasha


Innate Abilities, Weirdness & Mutations

You have razor-sharp toenails.
You sometimes gain a little power by taking damage.


Message History

You hit the worm.
The worm is moderately wounded.
The worm bites you.
You slash the worm! You claw the worm.
The worm is severely wounded.
Natasha mumbles some strange words.
The worm barely misses you.
You hit the worm.
The worm is almost dead.
You hit the white imp. The white imp closely misses you. The worm bites you.
* * * LOW HITPOINT WARNING * * *
Your leather armour prevents you from hitting Natasha.
You claw Natasha.
Natasha is moderately wounded.
You hit the worm. You closely miss the white imp. Natasha claws you.
* * * LOW HITPOINT WARNING * * *
The white imp laughs crazily.
The white imp gestures at you. The puff of frost hits you!
You die...

###### .... ..... $.... ##<.....
.... ........# #...###.....#..##
#..#....#...#..###
#..hw#...#...#..###
#.#@5.#...#...#..#
#...#...#...#....#
#.#...#...#...#..###
#...#...#...#....... ########
##.#...#...#...#.###.
#....<.######....#...#...#....##.
........#......#...#.†.#...#..##.
...........[.....#...#...#.......
.>.................#...#..#......


You could see a worm, Natasha and a white imp.

Vanquished Creatures
  Natasha (D:2)
  2 adders (D:2)
  3 gnolls
  4 dart slugs
  A leopard gecko (D:1)
  A ball python (D:2)
  2 giant cockroaches
  8 goblins
  8 hobgoblins
  4 jackals (D:1)
  4 bats (D:2)
  2 frilled lizards (D:1)
  11 kobolds
  4 rats (D:1)
55 creatures vanquished.

Notes
Turn   | Place    | Note
-------+----------+-------------------------------------------
     0 | D:1      | slep the Demonspawn Gladiator began the quest for the Orb.
     0 | D:1      | Reached XP level 1. HP: 16/16 MP: 1/1
    69 | D:1      | Gained mutation: You have sharp toenails. [demonic ancestry]
    69 | D:1      | Reached XP level 2. HP: 17/22 MP: 2/2
   233 | D:1      | Gained mutation: You sometimes gain a little power by taking damage. [demonic ancestry]
   233 | D:1      | Reached XP level 3. HP: 22/28 MP: 3/3
   907 | D:2      | Reached XP level 4. HP: 6/34 MP: 4/4
   939 | D:2      | Reached skill level 1 in Armour
  1383 | D:2      | Noticed Natasha
  1389 | D:2      | Killed Natasha
  1390 | D:2      | Gained mutation: You have razor-sharp toenails. [demonic ancestry]
  1390 | D:2      | Reached XP level 5. HP: 14/39 MP: 5/5
  1417 | D:2      | Noticed Natasha
  1422 | D:2      | Killed from afar by a white imp

Vault maps used:
D:1:      roderic_dead_forest
D:2:      serial_bayou_pond_e, hex_medium, uniq_natasha

Skill      XL: |  1  2  3  4 |
---------------+-------------+-----
Throwing       | 2 |  2.0
Dodging        | 3 |  3.3
Axes           | 3 |  3.8
Armour         | 1 |  1.7
Fighting       | |  2.7
Stealth        | |  0.3

Action                   |  1- 3 |  4- 6 || total
-------------------------+-------+-------++-------
Melee: War axe           |    90 |    49 ||   139
       Kick              |    13 |     6 ||    19
 Stab: Sleeping          |     1 |       ||     1
  Eat: Chunk             |       |     2 ||     2
Armor: Leather armour    |    18 |    12 ||    30
Dodge: Dodged            |    75 |    42 ||   117

Table legend:
 A = Spawn XP
 B = Non-spawn XP
 C = Spawn XP percentage of total XP
 D = Spawn monster count
 E = Non-spawn monster count
 F = Spawn count percentage of total count
 G = Total turns spent on level
                    A         B        C        D         E        F      G
               +---------+---------+-------+---------+---------+-------+---------
         Total |       0 |     199 |   0.0 |       0 |      55 |   0.0 |  1422
               +---------+---------+-------+---------+---------+-------+---------
           D:1 |       0 |      92 |   0.0 |       0 |      35 |   0.0 |   892
           D:2 |       0 |     107 |   0.0 |       0 |      20 |   0.0 |   530
               +---------+---------+-------+---------+---------+-------+---------
